 Dungeon Crawl Stone Soup version 0.29.1-4-g47bece8355 (webtiles) character file.

Game seed: 16110961619050666873

69 ChadusMaximus the Shield-Bearer (level 4, -3/40 HPs)
             Began as a Minotaur Fighter on Dec 10, 2022.
             Slain by a goblin
             ... wielding a +0 dagger of electrocution
             ... led by Robin
              (5 damage)
             ... on level 2 of the Dungeon.
             The game lasted 00:00:54 (1420 turns).

ChadusMaximus the Shield-Bearer (Minotaur Fighter)  Turns: 1420, Time: 00:00:55

Health: -3/40      AC:  8    Str: 23    XL:     4   Next: 2%
Magic:  3/3        EV:  9    Int:  5    God:
Gold:   98         SH:  4    Dex:  9    Spells: 3/3 levels left

rFire   . . .      SeeInvis .   a - +0 war axe
rCold   . . .      Faith    .   c - +0 buckler
rNeg    . . .      Spirit   .   b - +0 scale mail
rPois   .          Reflect  .   (helmet restricted)
rElec   .          Harm     .   g - +0 cloak
rCorr   .          Rampage  .   (no gloves)
Will    .....                   (no boots)
Stlth   ..........              (no amulet)
HPRegen 0.13/turn               (no ring)
MPRegen 0.08/turn               (no ring)

@: mighty
A: horns 2, retaliatory headbutt
a: no special abilities


You were on level 2 of the Dungeon.
You visited 1 branch of the dungeon, and saw 2 of its levels.

You collected 98 gold pieces.

Inventory:

Hand Weapons
 a - a +0 war axe (weapon)
Armour
 b - a +0 scale mail (worn)
 c - a +0 buckler (worn)
 g - a +0 cloak (worn)
Scrolls
 e - a scroll of brand weapon {unknown}
 f - 8 scrolls of identify {unknown}
 h - a scroll of magic mapping {unknown}
 i - a scroll of teleportation {unknown}
Potions
 j - 2 potions of heal wounds {unknown}


   Skills:
 + Level 4.2 Fighting
 + Level 3.3 Axes
 + Level 4.3 Armour
 + Level 4.3 Shields


You had 3 spell levels left.
You didn't know any spells.
Your spell library contained the following spells:

 Spells                   Type           Power      Damage    Failure   Level
 Confusing Touch          Hex            0%         N/A       99%         3
 Yara's Violent Unravell  Hex/Tmut       0%         3d3       100%        5
 Enfeeble                 Hex            0%         N/A       100%        7


Dungeon Overview and Level Annotations

Branches:
Dungeon (2/15)

Altars:

Shops:
D:2 (

Annotations:
D:2 Robin


Innate Abilities, Weirdness & Mutations

You have a pair of horns on your head.
You reflexively headbutt those who attack you in melee.


Message History

a +0 dagger; a goblin corpse
There are monsters nearby!
There are monsters nearby!
You hit the goblin.
You kill the goblin!
The goblin hits you with a +0 dagger of electrocution.
You are electrocuted!!
You are too injured to fight recklessly!
Unknown command.
There are monsters nearby!
There are monsters nearby!
Unknown command.
You are too injured to fight recklessly!
There are monsters nearby!
You are too injured to fight recklessly!
There are monsters nearby!
Unknown command.
There are monsters nearby!
You are too injured to fight recklessly!
Unknown command.
You closely miss the goblin.
Robin of the Strong Arm comes into view.
They are wielding a +1 short sword of electrocution.
The goblin hits you but does no damage.
You closely miss the goblin.
Robin roars a battlecry!
The goblins go into a battle-frenzy!
The goblin hits you but does no damage.
You are electrocuted!
* * * LOW HITPOINT WARNING * * *
You closely miss the goblin. Your headbutt misses the goblin.
Robin throws the goblin at you! The goblin hits you but does no damage.
A goblin comes into view. It is wielding a +0 dagger.
Robin throws the goblin at you! You block the goblin's attack.
You feel very mighty all of a sudden.
The goblin shouts!
The hobgoblin hits you.
* * * LOW HITPOINT WARNING * * *
Robin throws the goblin at you!
* * * LOW HITPOINT WARNING * * *
The goblin hits you with a +0 dagger of electrocution.
You die...

###
#..............#.#..##...†.
#..............#.#..##.†#..
#.....|........'.#......#..
#..............###...##.#..
#..............# #....#.###
#.........(....# #....#....
#..............# #.#..###.#
#.......ggg....# #.#..#....
....#######@#####
#.####.##. .... #g# #.
...#.. #.g ### #.# #.## #.#
#.# ..# #.. #### ### .. ##.
#.


You could see Robin, a hobgoblin (strong) and 3 goblins.

Vanquished Creatures
  2 adders (D:2)
  A worm (D:2)
  2 dart slugs (D:1)
  4 endoplasms
  2 giant cockroaches (D:1)
  6 goblins
  3 hobgoblins
  2 jackals (D:1)
  A quokka (D:2)
  5 bats
  4 frilled lizards
  6 kobolds
  6 rats
44 creatures vanquished.

Notes
Turn   | Place    | Note
-------+----------+-------------------------------------------
     0 | D:1      | ChadusMaximus the Minotaur Fighter began the quest for the
                  | Orb.
     0 | D:1      | Reached XP level 1. HP: 19/19 MP: 0/0
   313 | D:1      | Reached XP level 2. HP: 25/27 MP: 1/1
   921 | D:1      | Reached XP level 3. HP: 33/33 MP: 2/2
  1335 | D:2      | Found Xiekhlie's Antique Weapon Shoppe.
  1415 | D:2      | Reached XP level 4. HP: 40/40 MP: 3/3
  1417 | D:2      | Noticed Robin
  1420 | D:2      | HP: 2/40 [Robin/goblin (2)]
  1420 | D:2      | Slain by a goblin

Illustrated notes

Levels and vault maps discovered:
D:1:      dpeg_arrival_concentric_ovals, layout_loops_ring, moated_statue
D:2:      minmay_wonky_spiral, layout_basic, serial_shops,
          nicolae_shop_window_shopping, minmay_tetromino_s4, uniq_robin,
          uniq_sigmund

Skill      XL: |  1  2 |
---------------+-------+-----
Fighting       | 4 |  4.2
Shields        | 4 |  4.3
Armour         | 4 |  4.3
Axes           | 3 |  3.3

Action                   |  1- 3 |  4- 6 || total
-------------------------+-------+-------++-------
Melee: War axe           |    77 |     4 ||    81
       Headbutt          |    11 |       ||    11
  Use: Potion            |       |     1 ||     1
Armor: Scale mail        |    33 |     5 ||    38
Dodge: Dodged            |    43 |       ||    43
Block: Buckler           |    11 |     1 ||    12
